 Dungeon Crawl Stone Soup version 0.31-a0-466-g98c9adc2b6 (webtiles) character file.

Game seed: 17554254970365641541

700 avis the Gouger (level 7, 0/33 HPs)
             Began as a Felid Shapeshifter on Aug 6, 2023.
             Slain by a wyvern (6 damage)
             ... on level 8 of the Dungeon.
             The game lasted 00:43:10 (7636 turns).

avis the Gouger (Felid Shapeshifter)                Turns: 7636, Time: 00:43:11

Health: 0/33       AC:  2    Str: 13    XL:     7   Next: 38%
Magic:  9/9        EV: 18    Int:  9    God:
Gold:   81         SH:  0    Dex: 17    Spells: 5/8 levels left
                                        Lives:  0   Deaths: 2

rFire   . .          .
                       - Unarmed
rCold   . . .        (shield unavailable)
rNeg    . . .        (body armour unavailable)
rPois   +            (helmet unavailable)
rElec   .            (cloak unavailable)
rCorr   .            (gloves unavailable)
SInv    +            (boots unavailable)
Will    +....        (no amulet)
Stlth   ++           f - ring of poison resistance
HPRegen 0.25/turn    (no ring)
MPRegen 0.11/turn

%: no passive effects
@: beast-form, quick
A: beast (slay +2), very small, claws 1, fangs 3, see invisible, speed 1, shaggy
fur 2, stealthy paws, no weapons or thrown items, no armour, multi-lived
a: Begin Untransformation


You were on level 8 of the Dungeon.
You were a hulking beast.
You visited 1 branch of the dungeon, and saw 8 of its levels.

You collected 484 gold pieces.
You spent 403 gold pieces at shops.

Inventory:

Jewellery
 f - a ring of poison resistance (left paw)
Talismans
 b - a beast talisman (active)
Wands
 a - a wand of quicksilver (4)
Scrolls
 c - 3 scrolls of teleportation {unknown}
 d - 3 scrolls of poison {unknown}
 e - 3 scrolls of immolation {unknown}
 h - a scroll of fog {unknown}
 j - 4 scrolls of identify {unknown}
 k - 2 scrolls of brand weapon {unknown}
 l - a scroll of enchant armour {unknown}
 o - a scroll of fear {unknown}
 p - a scroll of blinking {unknown}
 s - a scroll of enchant weapon {unknown}
 t - a scroll of noise {unknown}
 x - a scroll of amnesia {unknown}
Potions
 g - 4 potions of heal wounds {unknown}
 i - 2 potions of brilliance {unknown}
 m - a potion of degeneration {unknown}
 n - a potion of enlightenment {unknown}
 q - a potion of mutation {unknown}
 r - 3 potions of curing {unknown}
 u - a potion of might {unknown}
 v - 2 potions of attraction {unknown}
 w - 4 potions of ambrosia {unknown}
 z - a potion of invisibility {unknown}


   Skills:
 - Level 5.0 Fighting
 - Level 3.0 Dodging
 - Level 1.0 Stealth
 * Level 9.0 Unarmed Combat
 - Level 1.0 Spellcasting
 - Level 3.0 Ice Magic
 - Level 3.2 Shapeshifting


You had 5 spell levels left.
You knew the following spells:

 Your Spells              Type           Power      Damage    Failure   Level
o - Ozocubu's Armour      Ice            5%         N/A       32%         3

Your spell library contained the following spells:

 Spells                   Type           Power      Damage    Failure   Level
 Magic Dart               Conj           0%         1d3       36%         1
 Sandblast                Erth           0%         2d4       36%         1
 Call Imp                 Summ           0%         N/A       50%         2
 Passwall                 Tmut/Erth      0%         N/A       50%         2
 Mephitic Cloud           Conj/Pois/Air  0%         N/A       73%         3
 Stone Arrow              Conj/Erth      0%         3d7       73%         3
 Metabolic Englaciation   Hex/Ice        1%         N/A       99%         5
 Simulacrum               Ice/Necr       1%         N/A       100%        6
 Ozocubu's Refrigeration  Ice            2%         4d8       100%        7
 Lehudib's Crystal Spear  Conj/Erth      0%         10d2      100%        8
 Animate Armour           Summ/Erth      Unusable   N/A       N/A         4

Dungeon Overview and Level Annotations

Branches:
Dungeon (7/15)
 Temple: D:4-7

Altars:
Nemelex Xobeh
Sif Muna
Xom
Zin

Shops:
D:3 !   D:5 *

Annotations:
D:5 2 transporters, porpoise's ghost, novice GrFE
D:6 2 runed translucent doors
D:7 Maggie


Innate Abilities, Weirdness & Mutations

You are a hulking beast.
Your limbs bulge with bestial killing power. (Slay +2)
You have sharp claws.
You have razor-sharp teeth.
You have supernaturally acute eyesight. (SInv)
You cover ground quickly. (Speed+)
You are covered in thick fur. (AC +2)
Your paws help you pounce on unaware monsters.
You are incapable of wielding weapons or throwing items.
You cannot wear armour.
You gain extra lives every three experience levels.


Message History

You fall into a shaft and drop 1 floor!
The shaft crumbles and collapses.
A yak and a scorpion come into view.
A water moccasin comes into view.
A wyvern comes into view.
The wyvern hisses angrily.
A wyvern comes into view.
The wyvern hisses angrily.
The water moccasin hisses angrily.
You scratch the yak.
The yak is lightly wounded.
A yak comes into view.
Something bites the plant.
The plant begins to die.
The yak closely misses you.
The yak bellows!
You claw the yak!
The yak is moderately wounded.
Something bites the plant.
You scratch the yak.
The yak is heavily wounded.
The yak gores you!
The wyvern bites the plant!!
The plant begins to die.
The scorpion stings the plant!
The plant begins to die.
The scorpion stings the plant.
Something bites the plant!
The wyvern bites something!!
The wyvern hisses menacingly.
The wyvern hisses menacingly.
Found 11 gold pieces.
Found a scroll labelled JIFA PAHUOSM.
You see here 11 gold pieces.
The wyvern hisses menacingly.
Found a stone staircase leading up.
The wyvern attacks as you move away! The wyvern bites you!
Found a fuming golden potion.
The wyvern closely misses you. The wyvern attacks as you move away!
The wyvern bites you!
* * * LOW HITPOINT WARNING * * *
Aiming: Quicksilver Bolt
Press: ? - help, Shift-Dir - straight line, f - wyvern
Aim: a wyvern (71% to hit)
The bolt of dispelling energy hits the wyvern!
The wyvern is moderately wounded.
The wyvern bites you.
You die...

.... ...# ... ..#
#.. .. #.< ..#
##..## ..# . .#
#....#..# P
..###.##h#..## .
#...#..l....#
#...#.#.#...... ..
#......#...... ..
##..#.#.# ..... .#
#.......#.....! .#
.####.#.#.#......#.
#
##......Y........##
#
#....#.#.#.#......#


You could see a wyvern.

Vanquished Creatures
  Duvessa (D:4)
  An ice beast (D:6)
  2 black bears (D:6)
  A bullfrog (D:6)
  4 scorpions
  Dowan (D:4)
  3 jellies
  3 hounds
  5 orc priests
  A gnoll bouda (D:4)
  2 sleepcaps (D:5)
  An iguana (D:6)
  An orc wizard (D:4)
  8 gnolls
  10 adders
  A white imp (D:5)
  A worm (D:2)
  3 dart slugs
  19 orcs
  8 ball pythons
  2 bats
  6 endoplasms
  3 giant cockroaches
  11 goblins
  8 hobgoblins
  4 jackals (D:2)
  8 kobolds
  A quokka (D:4)
  3 rats
122 creatures vanquished.

Notes
Turn   | Place    | Note
-------+----------+-------------------------------------------
     0 | D:1      | avis the Felid Shapeshifter began the quest for the Orb.
     0 | D:1      | Reached XP level 1. HP: 9/9 MP: 2/2
    62 | D:1      | Reached XP level 2. HP: 8/13 MP: 3/3
   504 | D:2      | Reached XP level 3. HP: 9/16 MP: 4/4
   598 | D:2      | Reached skill level 4 in Unarmed Combat
   896 | D:2      | Reached XP level 4. HP: 15/19 MP: 5/5
  1521 | D:3      | Found Qinta's Distillery.
  1562 | D:3      | Learned a level 3 spell: Ozocubu's Armour
  1882 | D:3      | Noticed an angel
  1883 | D:3      | Found a glowing silver altar of Zin.
  2248 | D:4      | Reached skill level 5 in Unarmed Combat
  2320 | D:4      | Reached XP level 5. HP: 24/24 MP: 6/6
  2647 | D:4      | Found a shimmering blue altar of Sif Muna.
  2876 | D:4      | HP: 1/24 [jelly (2)]
  2876 | D:4      | Splashed by a jelly's acid
  2877 | D:4      | Reached XP level 4. HP: -4/21 MP: 5/5
  2940 | D:4      | Reached skill level 6 in Unarmed Combat
  2940 | D:4      | Reached skill level 1 in Stealth
  2940 | D:4      | Reached XP level 5. HP: 24/24 MP: 6/6
  3373 | D:5      | Entered Level 5 of the Dungeon
  3454 | D:5      | Noticed porpoise's ghost (novice GrFE)
  3454 | D:5      | Found a transporter.
  3456 | D:5      | Found a transporter.
  3458 | D:5      | Noticed Duvessa
  3607 | D:4      | Gained mutation: You are covered in thick fur. (AC +2)
                  | [Felid growth]
  3607 | D:4      | Reached XP level 6. HP: 28/28 MP: 7/7
  3642 | D:5      | Noticed Dowan
  3719 | D:5      | Found Ymees's General Store.
  3821 | D:5      | Reached skill level 7 in Unarmed Combat
  4141 | D:4      | Killed Duvessa
  4142 | D:4      | Reached XP level 7. HP: 16/32 MP: 8/8
  4159 | D:4      | Killed Dowan
  4532 | D:5      | Found a shimmering altar of Xom.
  4612 | D:5      | Reached skill level 8 in Unarmed Combat
  4845 | D:6      | Reached skill level 1 in Ice Magic
  5156 | D:6      | Reached skill level 1 in Spellcasting
  5615 | D:6      | Found a sparkling altar of Nemelex Xobeh.
  5841 | D:6      | Reached XP level 8. HP: 29/36 MP: 10/10
  5892 | D:6      | Reached skill level 5 in Fighting
  6064 | D:6      | Found a large runed translucent door.
  6064 | D:6      | Found a large runed translucent door.
  7061 | D:5      | Bought a wand of quicksilver (8) for 403 gold pieces
  7271 | D:7      | Reached skill level 9 in Unarmed Combat
  7409 | D:7      | Noticed Maggie
  7514 | D:7      | Killed from afar by Maggie
  7515 | D:7      | Reached XP level 7. HP: -1/33 MP: 9/9
  7586 | D:7      | You fall into a shaft and drop 1 floor!
  7597 | D:8      | Noticed a yak
  7600 | D:8      | Noticed a wyvern
  7601 | D:8      | Noticed a wyvern
  7602 | D:8      | Noticed a yak
  7636 | D:8      | Slain by a wyvern

Illustrated notes

Levels and vault maps discovered:
D:1:      mushboom_english_gardens, layout_rooms, minmay_close_crescents
D:2:      layout_loops_ring
D:3:      layout_basic, zin_angel, serial_shops, shop
D:4:      wad_lake_hut, layout_loops_ring, led_sif_pool, minmay_box_of_dots
D:5:      layout_cave_pools, nicolae_overflow_hidden_temple, serial_shops,
          nicolae_shop_temple_entry_statues_fountains,
          gammafunk_ghost_mausoleum, grunt_decor_fettered,
          kennysheep_cross_bottleneck, roderic_lattice_a, uniq_duvessa
D:6:      layout_layer_cave, jmf_multi_god_temple2, mainiacjoe_overflow_24_doors
D:7:      layout_basic, minmay_temple_entry_proselytizer, uniq_maggie
D:8:      layout_layer_cave, minmay_lair_entry_grove, hangedman_decor_riveting,
          nrook_mini_backslash

Skill      XL: |  1  2  3  4  5  6  7  8 |
---------------+-------------------------+-----
Fighting       | 2 3 4 5 |  5.0
Unarmed Combat | 4 6 7 8 9 |  9.0
Dodging        | 3 |  3.0
Stealth        | 1 |  1.0
Ice Magic      | 3 |  3.0
Spellcasting   | 1 |  1.0
Shapeshifting  | |  3.2

Action                     |  1- 3 |  4- 6 |  7- 9 || total
---------------------------+-------+-------+-------++-------
  Melee: Unarmed           |    79 |   159 |   109 ||   347
         Bite              |     6 |     9 |     8 ||    23
         Punch             |     1 |     4 |     2 ||     7
  Evoke: Wand              |       |       |     4 ||     4
    Use: Potion            |       |     2 |     1 ||     3
   Stab: Sleeping          |     4 |     3 |     3 ||    10
         Distracted        |     1 |       |       ||     1
 Armour: Skin              |     3 |     8 |    14 ||    25
  Dodge: Dodged            |    40 |   101 |    64 ||   205

Table legend: (Time is in decaauts)
 A = Elapsed time spent in this place.
 B = Non-inter-level travel time spent in this place.
 C = Inter-level travel time spent in this place.
 D = Time resting spent in this place.
 E = Time spent auto-exploring this place.
 F = Levels seen in this place.
 G = Mean time per level.
                   A        B        C        D        E       F      G
               +--------+--------+--------+--------+--------+-----+--------+
         Total |   6583 |   5747 |    836 |   1400 |   2714 |   8 |  822.9 |
       Dungeon |   6583 |   5747 |    836 |   1400 |   2714 |   8 |  822.9 |
               +--------+--------+--------+--------+--------+-----+--------+

Top non-repeatable levels by time:
     D:6: 1600 daAuts
     D:4: 1578 daAuts
     D:5: 1306 daAuts
     D:2: 854 daAuts
     D:3: 572 daAuts
     D:1: 416 daAuts
     D:7: 215 daAuts
     D:8: 40 daAuts
